 Dungeon Crawl Stone Soup version 0.18.1-50-g88ac8fd (webtiles) character file.

50974 lorenzova the Nimble (level 14, -4/111 HPs)
             Began as a Merfolk Skald on Oct 18, 2016.
             Was the Champion of Yredelemnul.
             Killed from afar by a merfolk aquamancer (8 damage)
             ... with a ball of steam
             ... summoned by a merfolk impaler
             ... on level 1 of the Shoals.
             The game lasted 01:45:56 (26129 turns).

lorenzova the Nimble (Merfolk Skald)               Turns: 26129, Time: 01:45:57

Health: -4/111     AC: 20    Str: 21    XL:     14   Next: 57%
Magic:  33/33      EV: 18    Int: 10    God:    Yredelemnul [******]
Gold:   1149       SH:  0    Dex: 15    Spells: 4 memorised, 19 levels left

rFire  + . .     SeeInvis +     v - +4 spear of Joleuvuf {drain, rF+ MP+9 Int-2}
rCold  . . .     Gourm    .     a - +6 ring mail of the Ditch-Digger {rPois Stlth+}
rNeg   . . .     Faith    .     (no shield)
rPois  +         Spirit   .     X - +2 helmet {SInv}
rElec  .         Dismiss  .     q - +0 cloak
rCorr  .         Reflect  .     A - +1 pair of gloves {Str+3}
SustAt .         Harm     .     t - +0 pair of boots {Stlth+}
MR     ++...                    k - amulet of magic regeneration
Stlth  +++.......               L - +3 ring of strength
                                o - ring of protection from magic

@: very resistant to hostile enchantments, fairly stealthy
A: change form in water, swift swim
a: Recall Undead Slaves, Injury Mirror, Animate Dead, Drain Life, Enslave Soul,
Renounce Religion


You were on level 1 of the Shoals.
You worshipped Yredelemnul.
Yredelemnul was exalted by your worship.
You were not hungry.

You visited 5 branches of the dungeon, and saw 24 of its levels.
You also visited: Labyrinth, Ossuary, Ice Cave and Volcano.

You collected 2073 gold pieces.
You spent 924 gold pieces at shops.

Inventory:

Hand Weapons
 v - the +4 spear of Joleuvuf (weapon) {drain, rF+ MP+9 Int-2}
   (You found it on level 5 of the Dungeon)

   A truly terrible weapon, it drains the life of those it strikes.
   It affects your intelligence (-2).
   It protects you from fire.
   It affects your magic capacity (+9).
Armour
 a - the +6 ring mail of the Ditch-Digger (worn) {rPois Stlth+}
   (You found it on level 7 of the Dungeon)

   It protects you from poison.
   It makes you more stealthy.
 q - a +0 cloak (worn)
 t - a +0 pair of boots of stealth (worn)
 z - the +2 ring mail of Geciar {rElec rC- Dex+3}
   (You bought it in a shop on level 6 of the Dungeon)

   It affects your dexterity (+3).
   It makes you vulnerable to cold.
   It insulates you from electricity.
 A - a +1 pair of gloves of strength (worn)
 X - a +2 helmet of see invisible (worn)
Rods
 y - a +2 rod of shadows (10/10)
   (You found it in a labyrinth)
Jewellery
 i - an uncursed ring of fire
 k - an amulet of magic regeneration (around neck)
 o - a ring of protection from magic (left hand)
 I - an uncursed ring of protection from cold
 L - a +3 ring of strength (right hand)
Wands
 c - a wand of iceblast (11/15)
 h - a wand of slowing (40/48)
 P - a wand of enslavement (12/24)
 V - a wand of disintegration (4/24)
 W - a wand of flame (18/48)
Scrolls
 b - 3 scrolls of fear
 e - 6 scrolls of remove curse
 f - 2 scrolls of recharging
 m - 5 scrolls of noise
 u - 2 scrolls of blinking
 x - 6 scrolls of teleportation
 G - a scroll of immolation
 J - 2 scrolls of amnesia {unknown}
 K - a scroll of silence {unknown}
 R - a scroll of fog {unknown}
 S - 2 scrolls of enchant weapon {unknown}
Potions
 g - 2 potions of brilliance
 l - a potion of ambrosia
 n - a potion of might {unknown}
 s - a potion of heal wounds
 B - a potion of agility
 D - a potion of cure mutation
 E - a potion of lignification
 F - a potion of magic
 M - 4 potions of curing
 Q - a potion of mutation
Miscellaneous
 N - a stone of tremors
Comestibles
 d - 7 bread rations
 j - 4 meat rations
 w - 5 beef jerkies
 C - 12 fruits


   Skills:
 - Level 10.5 Fighting
 - Level 10.9 Polearms
 - Level 5.0 Armour
 - Level 12.2 Dodging
 - Level 7.2 Spellcasting
 * Level 9.1 Charms
 * Level 5.1 Necromancy
 * Level 4.8 Translocations
 + Level 11.6 Invocations
 - Level 7.9 Evocations


You had 19 spell levels left.
You knew the following spells:

 Your Spells              Type           Power        Failure   Level  Hunger
a - Infusion              Chrm           ###.         1%          1    None
b - Song of Slaying       Chrm           ###.....     1%          2    ##.....
c - Shroud of Golubria    Chrm/Tloc      ###.......   2%          2    ##.....
d - Regeneration          Chrm/Necr      ###.......   6%          3    ###....


Dungeon Overview and Level Annotations

Branches:
Dungeon (12/15)            Temple (1/1) D:6            Lair (7/8) D:9
 Shoals (2/4) Lair:5       Spider (0/4) Lair:5        Slime (0/6) Lair:6
    Orc (2/2) D:11            Elf (0/3) Orc:2

Altars:
Ashenzari
Cheibriados
Dithmenos
Elyvilon
Fedhas
Gozag
Kikubaaqudgha
Nemelex Xobeh
Okawaru
Pakellas
Qazlal
Ru
Sif Muna
Trog
Vehumet
Xom
Yredelemnul
Zin
The Shining One
Jiyva

Shops:
D:6 :([[   Orc:1 [   Orc:2 :*[*   Shoals:1 }

Annotations:
D:2 Sigmund
D:8 Duraxyll's ghost, novice GrBe; Erolcha
Lair:7 Nessos


Message History

Your sea snake zombie completely misses the merfolk impaler.
The centaur hits you but does no damage.
Your sea snake zombie bites the water elemental!
The centaur completely misses you.
You hit the centaur but do no damage. You barely miss the centaur.
The centaur misses you.
The merfolk impaler hits you from afar with a trident!
* * * LOW HITPOINT WARNING * * *
The centaur shoots an arrow.
The arrow hits you but does no damage.
Your sea snake zombie bites the merfolk impaler.
The water elemental hits you.
The water elemental engulfs you in water!
You see here an arrow.
You deftly slip free of the water engulfing you.
The water engulfing you falls away.
Your sea snake zombie bites the merfolk impaler!
The merfolk aquamancer casts a spell at you.
The ball of steam hits you! You resist.
You die...
Your body rises from the dead as a mindless zombie.

#..≈≈≈≈≈......PPP≈P≈≈≈≈≈≈≈≈P.
#≈≈≈≈≈≈≈≈........≈PP≈≈≈≈≈≈≈P>
.≈≈≈.≈≈≈≈.......P.≈PP≈≈P≈≈... P
P≈≈..≈≈≈≈....(.((.≈[≈≈P≈≈≈≈.. .≈.
≈≈≈..≈≈≈≈.........P≈≈≈≈≈≈..≈≈
.≈P.≈≈≈≈≈≈≈≈≈....P....≈≈≈≈≈....P≈
P.≈≈≈≈≈≈≈≈≈≈$..)..P.(..≈≈.≈≈≈≈≈≈≈
..≈≈≈≈≈≈.≈≈.......EEcZ.[>.≈≈≈≈≈≈≈
#..≈≈≈≈≈.≈......@§mEm(...).≈≈≈≈≈≈
..≈≈............(....(#..≈≈≈≈
...$..#.....≈.......(###.≈≈≈.
###..##....≈≈≈≈≈≈≈≈≈.# ≈≈.
#......≈≈..≈≈≈≈≈≈≈≈..≈ ≈.
#..≈≈≈≈≈..≈≈≈≈≈≈≈≈≈≈≈) ≈
≈≈≈≈≈..≈≈≈≈≈≈≈≈≈≈≈≈≈
≈≈≈≈≈≈.≈≈≈≈≈≈≈≈≈≈≈≈.
≈≈≈≈≈≈≈≈≈≈≈≈≈≈≈


You could see a merfolk impaler, a merfolk aquamancer, 3 water elementals, a
centaur and a friendly sea snake zombie.

Vanquished Creatures
  A stone giant (Orc:1)
  An ettin (Orc:2)
  A minotaur (Lab)
  A hydra (Lair:3)
  A centaur warrior (D:11)
  5 death yaks
  Nergalle (D:11)
  A sea snake (Shoals:1)
  3 hill giants
  4 harpies (Shoals:1)
  The ghost of lorenzova the Poker, a novice MfSk (D:6)
  A cyclops (Orc:2)
  A faun (Shoals:1)
  2 orc sorcerers
  3 elephants (Lair:3)
  A black mamba (Lair:4)
  2 spiny frogs (Lair:3)
  A gargoyle (D:10)
  7 komodo dragons
  A merfolk (Shoals:1)
  A polar bear (Lair:7)
  The ghost of lorenzova the Poker, an amateur MfSk (D:4)
  9 trolls
  7 two-headed ogres
  A snapping turtle (Shoals:1)
  A redback (Lab)
  2 flying skulls (Volcano)
  2 wyverns (D:11)
  5 hippogriffs
  28 yaks
  A steam dragon (D:9)
  2 basilisks (D:9)
  2 hungry ghosts (D:9)
  2 wargs (Orc:1)
  8 porcupines
  8 water moccasins
  14 ice beasts
  14 orc warriors
  4 sky beasts
  22 ogres
  3 necrophages
  2 phantoms
  5 centaurs
  5 wolves (Lair:7)
  8 crocodiles
  4 big kobolds
  14 giant frogs
  A gnoll sergeant (D:11)
  3 scorpions
  19 killer bees
  5 wights (D:11)
  4 howler monkeys
  A spriggan skeleton (Volcano)
  5 crimson imps
  8 hounds
  2 jellies
  A quasit (D:6)
  5 orc priests
  4 giant frog skeletons
  2 centaur skeletons
  Terence (D:2)
  8 iguanas
  12 orc wizards
  7 worker ants
  A killer bee zombie (D:9)
  18 sheep
  A hound zombie (D:8)
  An ogre skeleton (Volcano)
  A mummy (Ossuary)
  A howler monkey skeleton (D:4)
  12 gnolls
  11 adders
  33 river rats
  3 shadow imps
  An ooze (D:6)
  An adder skeleton (D:4)
  4 worms
  4 giant geckos
  44 orcs
  A ball python (D:5)
  9 bats
  2 giant cockroaches
  14 goblins
  8 hobgoblins
  19 jackals
  11 quokkas
  A giant cockroach zombie (D:5)
  8 giant newts
  2 gnoll zombies (Ossuary)
  A jackal skeleton (D:4)
  14 kobolds
  2 kobold zombies (Ossuary)
  2 orc zombies (Ossuary)
  10 rats
  A fungus (Lair:1)
543 creatures vanquished.

Vanquished Creatures (collateral kills)
  2 stone giants (Orc:2)
  A hydra (Lair:3)
  3 ogre magi (Orc:2)
  2 deep trolls (Orc:2)
  A hill giant (D:11)
  A deep elf mage (D:12)
  An orc sorcerer (Orc:1)
  A cyclops (D:12)
  A black mamba (Lair:3)
  7 spiny frogs
  A kobold demonologist (D:11)
  2 komodo dragons
  4 trolls (Orc:2)
  5 blink frogs
  A two-headed ogre (Orc:2)
  A redback (Lair:5)
  8 yaks
  3 hippogriffs (Lair:5)
  3 water moccasins
  3 porcupines
  5 orc warriors
  3 ice beasts (Lair:2)
  10 ogres
  2 big kobolds (D:11)
  4 crocodiles
  2 gnoll sergeants (D:11)
  5 giant frogs
  5 orc priests
  6 orc wizards
  A worker ant (D:12)
  14 sheep
  A mummy (Lair:3)
  2 gnolls (D:11)
  9 river rats
  15 orcs
  2 fungi (Lair:4)
  A plant (Lair:1)
138 creatures vanquished.

Vanquished Creatures (others)
  A skeletal warrior (Orc:2)
  A phantasmal warrior (Orc:2)
  12 flying skulls
  A spiny frog zombie (Lair:3)
  A wyvern zombie (D:11)
  2 water moccasin zombies (Lair:6)
  A hippogriff zombie (Lair:3)
  3 troll zombies
  2 yak zombies
  2 wights
  A wolf zombie (Lair:7)
  A giant frog zombie (Lair:6)
  2 two-headed ogre zombies (Orc:2)
  An orc wizard (Orc:1)
  5 killer bee zombies (D:11)
  A crocodile zombie (Lair:6)
  9 ogre zombies (Orc:2)
  A mummy (Lair:6)
  6 orc zombies
  A bush (D:9)
  3 fungi
  6 plants
63 creatures vanquished.

Grand Total: 744 creatures vanquished

Notes
Turn   | Place    | Note
--------------------------------------------------------------
     0 | D:1      | lorenzova the Merfolk Skald began the quest for the Orb.
     0 | D:1      | Reached XP level 1. HP: 16/16 MP: 3/3
    66 | D:1      | Reached skill level 2 in Dodging
    71 | D:1      | Reached XP level 2. HP: 13/23 MP: 5/5
    75 | D:1      | Learned a level 2 spell: Song of Slaying
   310 | D:1      | Reached XP level 3. HP: 17/29 MP: 0/6
   897 | D:2      | Noticed Sigmund
  1061 | D:2      | Noticed Terence
  1078 | D:2      | Killed Terence
  1078 | D:2      | Reached skill level 3 in Dodging
  1078 | D:2      | Reached XP level 4. HP: 19/37 MP: 3/7
  1620 | D:2      | Reached skill level 4 in Dodging
  2142 | D:3      | Reached XP level 5. HP: 42/42 MP: 8/8
  3371 | D:3      | Reached skill level 5 in Dodging
  3800 | D:4      | Reached skill level 5 in Fighting
  3800 | D:4      | Reached XP level 6. HP: 51/51 MP: 9/9
  3961 | D:4      | Noticed lorenzova's ghost (amateur MfSk)
  3974 | D:4      | Killed lorenzova's ghost
  3974 | D:4      | Reached skill level 6 in Dodging
  3974 | D:4      | Reached XP level 7. HP: 3/58 MP: 10/10
  4563 | D:4      | Found a white marble altar of Elyvilon.
  4625 | D:4      | Reached skill level 7 in Dodging
  4996 | D:4      | Found a deep blue altar of Sif Muna.
  4999 | D:4      | Found an iron altar of Okawaru.
  5005 | D:4      | Found a shimmering altar of Xom.
  5069 | D:5      | Entered Level 5 of the Dungeon
  5089 | D:5      | Found a sand-covered staircase.
  5103 | Ossuary  | Entered an ossuary
  5561 | D:5      | Reached XP level 8. HP: 36/65 MP: 10/12
  6382 | D:5      | Noticed a moth of wrath
  6385 | D:5      | Found a bloodstained altar of Trog.
  6427 | D:5      | Got a steaming spear
  6428 | D:5      | Identified the +4 spear of Joleuvuf {drain, rF+ MP+9 Int-2} (You found it on level 5 of the Dungeon)
  6528 | D:5      | Reached skill level 5 in Charms
  6836 | D:6      | Found Ofynekhle's Armour Shoppe.
  6854 | D:6      | Found a staircase to the Ecumenical Temple.
  6862 | Temple   | Entered the Ecumenical Temple
  7008 | Temple   | Became a worshipper of Yredelemnul the Dark
  7156 | D:6      | Noticed lorenzova's ghost (novice MfSk)
  7226 | D:6      | Killed lorenzova's ghost
  7226 | D:6      | Reached skill level 5 in Spellcasting
  7226 | D:6      | Reached XP level 9. HP: 26/71 MP: 17/17
  7514 | D:6      | Found Sonirov's Armour Shoppe.
  7523 | D:6      | Got a scorched dagger
  7524 | D:6      | Identified the cursed +1 dagger "Tuziage" {drain, rElec Int-2 Dex+5} (You found it on level 6 of the Dungeon)
  7562 | D:6      | Found Ossebus's Weapon Shoppe.
  7625 | D:6      | Found Wumat's Book Shop.
  8083 | D:6      | Bought the +2 ring mail of Geciar {rElec rC- Dex+3} for 327 gold pieces
  8117 | D:6      | Learned a level 2 spell: Shroud of Golubria
  8121 | D:6      | Learned a level 3 spell: Regeneration
  8201 | D:7      | Reached skill level 1 in Necromancy
  8217 | D:7      | Got a crude ring mail
  8229 | D:6      | Identified the +6 ring mail of the Ditch-Digger {rPois Stlth+} (You found it on level 7 of the Dungeon)
  8321 | D:7      | Reached skill level 1 in Translocations
  8632 | D:7      | Reached * piety under Yredelemnul
  8938 | D:8      | Reached XP level 10. HP: 76/76 MP: 19/19
  8964 | D:8      | Noticed Duraxyll's ghost (novice GrBe)
  9089 | D:8      | Noticed Erolcha
 10066 | D:8      | Noticed a two-headed hydra
 10384 | D:9      | Reached skill level 8 in Dodging
 10397 | D:9      | Reached skill level 1 in Invocations
 10423 | D:9      | Found a sparkling altar of Nemelex Xobeh.
 10423 | D:9      | Found an opulent altar of Gozag.
 10430 | D:9      | Reached ** piety under Yredelemnul
 10648 | D:9      | Reached skill level 5 in Polearms
 10670 | D:9      | Reached XP level 11. HP: 42/82 MP: 21/21
 11004 | D:9      | Found a snail-covered altar of Cheibriados.
 11004 | D:9      | Found a blossoming altar of Fedhas.
 11004 | D:9      | Found a shattered altar of Ashenzari.
 11095 | D:9      | Found a staircase to the Lair.
 11202 | D:9      | Reached skill level 9 in Dodging
 11298 | D:10     | Entered Level 10 of the Dungeon
 12023 | Lair:1   | Entered Level 1 of the Lair of Beasts
 12412 | Lair:1   | Reached skill level 10 in Dodging
 12569 | Lair:1   | Reached *** piety under Yredelemnul
 12989 | Lair:2   | Found a frozen archway.
 13014 | Lair:2   | Received a gift from Yredelemnul
 13035 | IceCv    | Entered an ice cave
 13434 | IceCv    | HP: 2/82 [ice statue/shard of ice (18)]
 13854 | Lair:2   | Found a stormy altar of Qazlal.
 13918 | Lair:2   | Reached skill level 11 in Dodging
 14390 | Lair:3   | Found a labyrinth entrance.
 14446 | Lair:3   | Reached skill level 5 in Invocations
 14446 | Lair:3   | Reached XP level 12. HP: 55/90 MP: 22/22
 14489 | Lab      | Entered a labyrinth
 14720 | Lab      | Noticed a minotaur
 14735 | Lab      | Killed a minotaur
 14735 | Lab      | Reached skill level 10 in Polearms
 14790 | Lab      | Identified a +2 rod of shadows (10/10) (You found it in a labyrinth)
 14791 | Lab      | Identified a +8 rod of inaccuracy (12/12) (You found it in a labyrinth)
 14792 | Lab      | Identified a +7 rod of clouds (10/10) (You found it in a labyrinth)
 14893 | Lair:3   | Found a dark tunnel.
 14919 | Volcano  | Entered a volcano
 15537 | Lair:3   | Noticed an eight-headed hydra
 15547 | Lair:3   | Killed an eight-headed hydra
 15547 | Lair:3   | Reached **** piety under Yredelemnul
 15758 | Lair:3   | Noticed a six-headed hydra
 15766 | Lair:3   | Killed a six-headed hydra
 15766 | Lair:3   | Reached skill level 12 in Dodging
 15768 | Lair:3   | Received a gift from Yredelemnul
 16601 | Lair:4   | Reached skill level 1 in Evocations
 17456 | Lair:5   | Found a hole to the Spider Nest.
 17513 | Lair:5   | Found a staircase to the Shoals.
 18061 | Lair:6   | Received a gift from Yredelemnul
 18097 | Lair:6   | Noticed a death yak
 18098 | Lair:6   | Noticed a death yak
 18220 | Lair:6   | Reached ***** piety under Yredelemnul
 18220 | Lair:6   | Received a gift from Yredelemnul
 18271 | Lair:6   | Noticed a death yak
 18283 | Lair:6   | Noticed a death yak
 18284 | Lair:6   | Noticed a death yak
 18335 | Lair:6   | Found a staircase to the Slime Pits.
 18336 | Lair:6   | Found a viscous altar of Jiyva.
 18477 | Lair:6   | Killed a death yak
 18477 | Lair:6   | Reached XP level 13. HP: 92/101 MP: 23/23
 18515 | Lair:5   | Reached skill level 5 in Evocations
 19489 | Lair:7   | Noticed Nessos
 19895 | D:11     | Found a staircase to the Orcish Mines.
 19908 | D:11     | Received a gift from Yredelemnul
 20280 | D:11     | Reached skill level 10 in Fighting
 20348 | D:11     | Noticed Nergalle
 20381 | D:11     | Killed Nergalle
 21445 | D:12     | Found a sparkling altar of Nemelex Xobeh.
 21484 | D:12     | Reached skill level 10 in Invocations
 21671 | Orc:1    | Entered Level 1 of the Orcish Mines
 21743 | Orc:1    | Received a gift from Yredelemnul
 22011 | Orc:1    | Noticed a stone giant
 22834 | Orc:2    | Entered Level 2 of the Orcish Mines
 22865 | Orc:1    | Found Oseddyrr's Armour Shop.
 23040 | Orc:1    | Bought a +0 helmet of see invisible for 195 gold pieces
 23103 | Orc:2    | Received a gift from Yredelemnul
 23144 | Orc:2    | Reached skill level 1 in Armour
 23148 | Orc:2    | Noticed an ettin
 23164 | Orc:2    | Killed an ettin
 23168 | Orc:2    | Reached XP level 14. HP: 105/111 MP: 24/24
 23170 | Orc:2    | Noticed a stone giant
 23192 | Orc:2    | Noticed a stone giant
 23665 | Orc:1    | Killed a stone giant
 23665 | Orc:1    | Reached ****** piety under Yredelemnul
 24124 | Orc:2    | Noticed a stone giant
 24498 | Orc:2    | Received a gift from Yredelemnul
 24539 | Orc:2    | Killed a stone giant
 24546 | Orc:2    | Killed a stone giant
 24578 | Orc:2    | Received a gift from Yredelemnul
 24826 | Orc:2    | Found Minwelav's Assorted Antiques.
 24842 | Orc:2    | Found Qeguorph's Book Shop.
 24849 | Orc:2    | Reached skill level 5 in Armour
 24855 | Orc:2    | Found Bial's Armour Shoppe.
 24866 | Orc:2    | Found Uneong's General Store.
 24878 | Orc:2    | Bought a scroll of teleportation for 48 gold pieces
 24960 | Orc:2    | Found a deep blue altar of Sif Muna.
 24979 | Orc:2    | Identified Sif Muna's Disquisition on Ice
 24988 | Orc:2    | Found a staircase to the Elven Halls.
 25235 | Orc:2    | Bought a potion of curing for 78 gold pieces
 25245 | Orc:2    | Bought a +0 pair of gloves of strength for 138 gold pieces
 25245 | Orc:2    | Bought a +0 pair of boots of stealth for 138 gold pieces
 25470 | Shoals:1 | Entered Level 1 of the Shoals
 25782 | Shoals:1 | Reached skill level 5 in Necromancy
 25809 | Shoals:1 | Found Niruatel's Gadget Boutique.
 26126 | Shoals:1 | HP: 3/111 [merfolk impaler/trident (14)]
 26129 | Shoals:1 | Killed from afar by a merfolk aquamancer

Skill      XL: |  1  2  3  4  5  6  7  8  9 10 11 12 13 14 |
---------------+-------------------------------------------+-----
Dodging        | 2 3 4 5 6 7 8 11 12 | 12.2
Fighting       | 3 4 5 6 7 9 10 | 10.5
Charms         | 4 6 8 9 |  9.1
Spellcasting   | 5 6 7 |  7.2
Necromancy     | 2 4 5 |  5.1
Translocations | 2 4 |  4.8
Polearms       | 5 9 10 | 10.9
Invocations    | 2 5 7 10 11 | 11.6
Evocations     | 4 7 |  7.9
Armour         | 2 5 |  5.0

Action                   |  1- 3 |  4- 6 |  7- 9 | 10-12 | 13-15 || total
-------------------------+-------+-------+-------+-------+-------++-------
Melee: Spear             |   105 |   255 |   276 |  1271 |  1114 ||  3021
       Halberd           |       |    67 |   129 |       |       ||   196
       Tailslap          |       |       |       |     2 |     7 ||     9
 Cast: Infusion          |     3 |     6 |    16 |    24 |    19 ||    68
       Song of Slaying   |     1 |     3 |     7 |     5 |     6 ||    22
       Regeneration      |       |       |       |     5 |     6 ||    11
       Shroud of Golubri |       |       |       |     1 |     4 ||     5
Invok: Animate Remains   |       |       |       |     3 |       ||     3
       Animate Dead      |       |       |       |     9 |    20 ||    29
       Recall Undead Sla |       |       |       |     1 |       ||     1
       Enslave Soul      |       |       |       |       |     1 ||     1
Evoke: Wand              |       |       |       |     1 |     2 ||     3
       Rod               |       |       |       |       |     1 ||     1
  Use: Scroll            |       |     4 |     9 |    13 |     5 ||    31
       Potion            |       |       |     3 |     1 |     1 ||     5
 Stab: Sleeping          |     1 |       |     2 |    13 |       ||    16
       Distracted        |       |       |     1 |    13 |     4 ||    18
  Eat: Chunk             |       |    11 |    11 |    23 |    19 ||    64
       Bread ration      |       |       |     1 |     1 |       ||     2
       Beef jerky        |       |       |     1 |       |       ||     1
       Fruit             |       |       |       |    10 |     8 ||    18
       Pizza             |       |       |       |     1 |     1 ||     2
       Meat ration       |       |       |       |     1 |       ||     1
Armor: Leather armour    |    34 |     2 |       |       |       ||    36
       Scale mail        |       |   145 |   115 |       |       ||   260
       Ring mail         |       |       |    60 |   276 |   227 ||   563
Dodge: Dodged            |    73 |   179 |   271 |   621 |   635 ||  1779
